NWL (28 & UNDER)
RIVERSIDE RED BULLS @ RED DEER WRANGLERS
08/18/2026
 
TOP OF THE 1ST
Riverside Red Bulls batting - Pitching for Red Deer Wranglers : RHP William Bryan
Pitching: RHP William Bryan
Batting: RHB Tom Howe 0-0: Ball
1-0: Ball
2-0: Fly out, F7 (Flyball, 7M)
Batting: RHB Pedro Mata 0-0: Called Strike
0-1: Swinging Strike
0-2: Strikes out swinging
Batting: LHB Paco Rivera 0-0: Foul Ball, location: 2F
0-1: Ball
1-1: Ball
2-1: Swinging Strike
2-2: Ball
3-2: Foul Ball, location: 2F
3-2: Base on Balls
Batting: RHB Earnest Finnegan 0-0: Ball
1-0: Ball
2-0: Ball
3-0: Called Strike
3-1: Base on Balls
Paco Rivera to second
Batting: RHB Kevin Brown 0-0: Ball
1-0: Ball
2-0: Ball
3-0: Called Strike
3-1: Foul Ball, location: 2F
3-2: Foul Ball, location: 2F
3-2: Base on Balls
Paco Rivera to third
Earnest Finnegan to second
Batting: RHB José Vázquez 0-0: Ball
1-0: Foul Ball, location: 2F
1-1: Foul Ball, location: 2F
1-2: Strikes out swinging
Top of the 1st over - 0 run(s), 0 hit(s), 0 error(s), 3 left on base; Riverside 0 - Red Deer 0
BOTTOM OF THE 1ST
Red Deer Wranglers batting - Pitching for Riverside Red Bulls : RHP Ricardo López
Pitching: RHP Ricardo López
Batting: LHB Del Kennedy 0-0: SINGLE (Groundball, 4MD)
Batting: RHB Paul Swift 0-0: Foul Ball, location: 2F
0-1: Ball
1-1: Called Strike
1-2: Ball
2-2: Ball
3-2: Ground out 5-3 (Groundball, 56S)
Del Kennedy to second
Batting: LHB Greg Nelson 0-0: Called Strike
Del Kennedy steals 3rd base
0-1: Fly out, F6 (Popup, 7LSF)
Batting: RHB Todd Bryant 0-0: Ball
1-0: Ball
2-0: Foul Ball, location: 2F
2-1: Ground out 6-3 (Groundball, 6)
Bottom of the 1st over - 0 run(s), 1 hit(s), 0 error(s), 1 left on base; Riverside 0 - Red Deer 0
TOP OF THE 2ND
Riverside Red Bulls batting - Pitching for Red Deer Wranglers : RHP William Bryan
Batting: RHB Fernando Gálvez 0-0: Swinging Strike
0-1: Foul Ball, location: 2F
0-2: Ball
1-2: Strikes out swinging
Batting: RHB Brandon Pope 0-0: DOUBLE (Line Drive, 7D)
Batting: SHB Luis Alonso 0-0: Ground out 4-3 (Groundball, 34)
Brandon Pope to third
Batting: RHB Tom Howe 0-0: Called Strike
0-1: SINGLE (Line Drive, 8RS)
Brandon Pope scores
Batting: RHB Pedro Mata 0-0: Called Strike
0-1: Fielders Choice at 2nd, U6 (Groundball, 6M)
Top of the 2nd over - 1 run(s), 2 hit(s), 0 error(s), 1 left on base; Riverside 1 - Red Deer 0
BOTTOM OF THE 2ND
Red Deer Wranglers batting - Pitching for Riverside Red Bulls : RHP Ricardo López
Batting: LHB Enrico Vargas 0-0: Ball
1-0: Swinging Strike
1-1: Ball
2-1: Called Strike
2-2: Ground out 4-3 (Groundball, 4S)
Batting: LHB Fred Abrams 0-0: Swinging Strike
0-1: Called Strike
0-2: Ball
1-2: Ball
2-2: Foul Ball, location: 2F
2-2: Foul Ball, location: 2F
2-2: Foul Ball, location: 2F
2-2: Strikes out swinging
Batting: RHB Carlos Peña 0-0: Foul Ball, location: 2F
0-1: Foul Ball, location: 2F
0-2: SINGLE (Flyball, 78S)
Batting: LHB Andrew Veeck 0-0: Ball
1-0: Called Strike
1-1: Called Strike
1-2: Ground out 4-3 (Groundball, 34)
Bottom of the 2nd over - 0 run(s), 1 hit(s), 0 error(s), 1 left on base; Riverside 1 - Red Deer 0
TOP OF THE 3RD
Riverside Red Bulls batting - Pitching for Red Deer Wranglers : RHP William Bryan
Batting: LHB Paco Rivera 0-0: Ground out U3 (Groundball, 3)
Batting: RHB Earnest Finnegan 0-0: Ball
1-0: Foul Ball, location: 2F
1-1: Ball
2-1: Foul Ball, location: 2F
2-2: Ground out 1-3 (Groundball, 15S)
Batting: RHB Kevin Brown 0-0: Called Strike
0-1: Ball
1-1: Ball
2-1: Called Strike
2-2: Ball
3-2: Foul Ball, location: 2F
3-2: Foul Ball, location: 2F
3-2: Base on Balls
Batting: RHB José Vázquez 0-0: SINGLE (Groundball, 56)
Kevin Brown to second
Runner from 2nd tries for 3rd, SAFE, no throw or cutoff
Batting: RHB Fernando Gálvez 0-0: Called Strike
0-1: Ball
1-1: Ball
2-1: Ball
3-1: Base on Balls
José Vázquez to second
Batting: RHB Brandon Pope 0-0: Foul Ball, location: 2F
0-1: Fly out, F9 (Line Drive, 9M)
Top of the 3rd over - 0 run(s), 1 hit(s), 0 error(s), 3 left on base; Riverside 1 - Red Deer 0
BOTTOM OF THE 3RD
Red Deer Wranglers batting - Pitching for Riverside Red Bulls : RHP Ricardo López
Batting: RHB Juan Carlos Alfonzo 0-0: Called Strike
0-1: Ball
1-1: Foul Ball, location: 2F
1-2: Ground out 4-3 (Groundball, 4M)
Batting: LHB Del Kennedy 0-0: Foul Ball, location: 2F
0-1: Ball
1-1: Ball
2-1: Ball
3-1: Foul Ball, location: 2F
3-2: Base on Balls
Batting: RHB Paul Swift 0-0: Ball
1-0: Ball
2-0: Foul Ball, location: 2F
2-1: Called Strike
2-2: 2-RUN HOME RUN (Flyball, 78XD), Distance : 415 ft
Batting: LHB Greg Nelson 0-0: Foul Ball, location: 2F
0-1: Foul Ball, location: 2F
0-2: Ball
1-2: Foul Ball, location: 2F
1-2: Ball
2-2: Ball
3-2: Base on Balls
Batting: RHB Todd Bryant 0-0: Called Strike
0-1: Ball
1-1: Swinging Strike
1-2: Fielders Choice at 2nd, 3-6 (Groundball, 3)
Batting: LHB Enrico Vargas 0-0: Fly out, F5 (Popup, 5F)
Bottom of the 3rd over - 2 run(s), 1 hit(s), 0 error(s), 1 left on base; Riverside 1 - Red Deer 2
TOP OF THE 4TH
Riverside Red Bulls batting - Pitching for Red Deer Wranglers : RHP William Bryan
Batting: SHB Luis Alonso 0-0: Called Strike
0-1: Called Strike
0-2: Ball
1-2: Ball
2-2: Fly out, F6 (Popup, 6)
Batting: RHB Tom Howe 0-0: Called Strike
0-1: Ball
1-1: Fly out, F8 (Flyball, 8LM)
Batting: RHB Pedro Mata 0-0: Foul Ball, location: 2F
0-1: Ball
1-1: SINGLE (Groundball, 56D)
Batting: LHB Paco Rivera 0-0: Ball
1-0: Ground out 5-3 (Groundball, 5L)
Top of the 4th over - 0 run(s), 1 hit(s), 0 error(s), 1 left on base; Riverside 1 - Red Deer 2
BOTTOM OF THE 4TH
Red Deer Wranglers batting - Pitching for Riverside Red Bulls : RHP Ricardo López
Batting: LHB Fred Abrams 0-0: Called Strike
0-1: Called Strike
0-2: Ball
1-2: SINGLE (Line Drive, 8RS)
Batting: RHB Carlos Peña 0-0: Called Strike
0-1: Called Strike
0-2: Ball
1-2: Ball
2-2: Ball
3-2: Foul Ball, location: 2F
3-2: Foul Ball, location: 2F
3-2: Fly out, F7 (Flyball, 78M)
3-2: Fly out, F7 (Flyball, 78M)
Batting: LHB Andrew Veeck 0-0: Ball
1-0: Swinging Strike
1-1: Fly out, F7 (Flyball, 78M)
Batting: RHB Juan Carlos Alfonzo 0-0: Ball
1-0: Ball
2-0: Fly out, F6 (Popup, 6)
Bottom of the 4th over - 0 run(s), 1 hit(s), 0 error(s), 1 left on base; Riverside 1 - Red Deer 2
TOP OF THE 5TH
Riverside Red Bulls batting - Pitching for Red Deer Wranglers : RHP William Bryan
Batting: RHB Earnest Finnegan 0-0: Ball
1-0: Ball
2-0: Ball
3-0: Called Strike
3-1: SINGLE (Line Drive, 7LM)
Batting: RHB Kevin Brown 0-0: Ball
1-0: Fly out, F9 (Flyball, 89M)
Batting: RHB José Vázquez 0-0: Ball
1-0: Ball
2-0: Called Strike
2-1: Called Strike
2-2: Ball
3-2: Grounds into double play, 6-4-3 (Groundball, 6)
Top of the 5th over - 0 run(s), 1 hit(s), 0 error(s), 0 left on base; Riverside 1 - Red Deer 2
BOTTOM OF THE 5TH
Red Deer Wranglers batting - Pitching for Riverside Red Bulls : RHP Ricardo López
Batting: LHB Del Kennedy 0-0: Ball
1-0: Fly out, F8 (Flyball, 78XD)
Batting: RHB Paul Swift 0-0: Called Strike
0-1: SINGLE (Groundball, 34D)
Batting: LHB Greg Nelson 0-0: Ground out U3 (Groundball, 3S)
Paul Swift to second
Batting: RHB Todd Bryant 0-0: Ball
1-0: Swinging Strike
1-1: Ball
Single, Error in OF, E7, batter to second base
Paul Swift scores
Batting: LHB Enrico Vargas 0-0: Called Strike
0-1: Ground out 4-3 (Groundball, 4M)
Bottom of the 5th over - 1 run(s), 2 hit(s), 1 error(s), 1 left on base; Riverside 1 - Red Deer 3
TOP OF THE 6TH
Riverside Red Bulls batting - Pitching for Red Deer Wranglers : RHP William Bryan
Batting: RHB Fernando Gálvez 0-0: Ball
1-0: Ball
2-0: Called Strike
2-1: Swinging Strike
2-2: SINGLE (Line Drive, 4MD)
Batting: RHB Brandon Pope 0-0: Ball
1-0: Ball
2-0: 2-RUN HOME RUN (Flyball, 9D), Distance : 352 ft
Pitching: RHP Alonso Costello
Batting: SHB Luis Alonso 0-0: Called Strike
0-1: Ground out 3-1 (Groundball, 34)
Batting: RHB Tom Howe 0-0: Fly out, F8 (Flyball, 8RM)
Batting: RHB Pedro Mata 0-0: Called Strike
0-1: Ground out 1-3 (Groundball, 13S)
Top of the 6th over - 2 run(s), 2 hit(s), 0 error(s), 0 left on base; Riverside 3 - Red Deer 3
BOTTOM OF THE 6TH
Red Deer Wranglers batting - Pitching for Riverside Red Bulls : RHP Ricardo López
Batting: LHB Fred Abrams 0-0: Ball
1-0: Called Strike
1-1: Ground out 4-3 (Groundball, 34)
Batting: RHB Carlos Peña 0-0: DOUBLE (Line Drive, 5L)
Batting: LHB Andrew Veeck 0-0: Swinging Strike
0-1: Swinging Strike
0-2: Strikes out swinging
Pitching: RHP Omar Camacho
Batting: RHB Juan Carlos Alfonzo 0-0: Called Strike
0-1: Fly out, F3 (Popup, 23F)
Bottom of the 6th over - 0 run(s), 1 hit(s), 0 error(s), 1 left on base; Riverside 3 - Red Deer 3
TOP OF THE 7TH
Riverside Red Bulls batting - Pitching for Red Deer Wranglers : RHP Alonso Costello
Batting: LHB Paco Rivera 0-0: Called Strike
0-1: Ball
1-1: Ball
2-1: Fly out, F5 (Line Drive, 56)
Batting: RHB Earnest Finnegan 0-0: Called Strike
0-1: Fly out, F9 (Flyball, 9M)
Pinch Hitting: RHB Kelly Jones 0-0: Called Strike
0-1: Called Strike
0-2: Foul Ball, location: 2F
0-2: DOUBLE (Line Drive, 7LS)
Batting: RHB José Vázquez 0-0: Called Strike
0-1: Swinging Strike
0-2: Ball
1-2: Reached on error, E6 (Groundball, 6)
Kelly Jones scores
Batting: RHB Fernando Gálvez 0-0: Called Strike
0-1: Swinging Strike
0-2: Ball
1-2: Strikes out swinging
Top of the 7th over - 1 run(s), 1 hit(s), 1 error(s), 1 left on base; Riverside 4 - Red Deer 3
BOTTOM OF THE 7TH
Red Deer Wranglers batting - Pitching for Riverside Red Bulls : RHP Omar Camacho
Pitching: LHP Joe Phillips
Now at 3B: Kelly Jones
Batting: LHB Del Kennedy 0-0: Foul Ball, location: 2F
0-1: Foul Ball, location: 2F
0-2: Ball
1-2: Foul Ball, location: 2F
1-2: Foul Ball, location: 2F
1-2: SINGLE (Line Drive, 78M)
Batting: RHB Paul Swift 0-0: Ball
1-0: Ball
2-0: Foul Ball, location: 2F
2-1: SINGLE (Groundball, 34D)
Del Kennedy to second
Throwing error, E9
Del Kennedy scores
Paul Swift to second
Pitching: RHP Alberto Gutiérrez
Batting: LHB Greg Nelson 0-0: Intentional Walk
Batting: RHB Todd Bryant 0-0: Swinging Strike
0-1: Ground out 4-3 (Groundball, 4M)
Paul Swift to third
Greg Nelson to second
Batting: LHB Enrico Vargas 0-0: Intentional Walk
Batting: LHB Fred Abrams 0-0: Fly out, F7 (Flyball, 7M)
Runner from 3rd tags up, SCORES, throw made
Batting: RHB Carlos Peña 0-0: Ball
1-0: Ball
2-0: Foul Ball, location: 2F
2-1: Fly out, F3 (Popup, 3DF)
Bottom of the 7th over - 2 run(s), 2 hit(s), 1 error(s), 2 left on base; Riverside 4 - Red Deer 5
TOP OF THE 8TH
Riverside Red Bulls batting - Pitching for Red Deer Wranglers : RHP Alonso Costello
Pitching: LHP Denny Welch
Batting: RHB Brandon Pope 0-0: Ball
1-0: Called Strike
1-1: Swinging Strike
1-2: Ground out 5-3 (Groundball, 5S)
Pitching: RHP Brian Just
Batting: SHB Luis Alonso 0-0: Ball
1-0: Ground out 1-3 (Groundball, 15)
Batting: RHB Tom Howe 0-0: Ball
1-0: Ball
2-0: SINGLE (Groundball, 6MD)
Batting: RHB Pedro Mata 0-0: Ball
1-0: SINGLE (Line Drive, 78S)
Tom Howe to second
Runner from 2nd tries for 3rd, SAFE, no throw or cutoff
Batting: LHB Paco Rivera 0-0: Fly out, F7 (Popup, 7S)
Top of the 8th over - 0 run(s), 2 hit(s), 0 error(s), 2 left on base; Riverside 4 - Red Deer 5
BOTTOM OF THE 8TH
Red Deer Wranglers batting - Pitching for Riverside Red Bulls : RHP Alberto Gutiérrez
Batting: LHB Andrew Veeck 0-0: Ball
1-0: Foul Ball, location: 2F
1-1: Ball
2-1: Foul Ball, location: 2F
2-2: Ball
3-2: Foul Ball, location: 2F
3-2: Strikes out swinging
Batting: RHB Juan Carlos Alfonzo 0-0: Called Strike
0-1: Swinging Strike
0-2: Fly out, F8 (Flyball, 8LM)
Batting: LHB Del Kennedy 0-0: Called Strike
0-1: SINGLE (Line Drive, 89M)
Batting: RHB Paul Swift 0-0: Called Strike
0-1: Swinging Strike
0-2: Ball
1-2: Ball
2-2: Foul Ball, location: 2F
2-2: Ball
3-2: DOUBLE (Line Drive, 7LS)
Del Kennedy to third
Del Kennedy scores
Batting: LHB Greg Nelson 0-0: Ball
1-0: Foul Ball, location: 2F
1-1: Ball
2-1: Swinging Strike
2-2: SINGLE (Groundball, 6MD)
Paul Swift to third
Runner from 3rd tries for Home, SAFE, no throw or cutoff
Batting: RHB Todd Bryant 0-0: Called Strike
0-1: Ball
1-1: Ground out 6-3 (Groundball, 6)
Bottom of the 8th over - 2 run(s), 3 hit(s), 0 error(s), 1 left on base; Riverside 4 - Red Deer 7
TOP OF THE 9TH
Riverside Red Bulls batting - Pitching for Red Deer Wranglers : RHP Brian Just
Pitching: RHP Bernardo Romero
Batting: RHB Earnest Finnegan 0-0: Ball
1-0: Called Strike
1-1: Ball
2-1: Swinging Strike
2-2: Strikes out looking
Batting: RHB Kelly Jones 0-0: Fly out, F4 (Popup, 3)
Batting: RHB José Vázquez 0-0: Ball
1-0: Ground out 5-3 (Groundball, 5L)
Top of the 9th over - 0 run(s), 0 hit(s), 0 error(s), 0 left on base; Riverside 4 - Red Deer 7
Monday, December 5th, 2016 - OOTP Baseball 17.12 Build 75